[Event "*** Titled Tuesday Blitz"]
[Site "Chess.com"]
[Date "2021.04.27"]
[Round "4"]
[White "OK97"]
[Black "Zhigalko_Sergei"]
[Result "0-1"]
[WhiteElo "2742"]
[BlackElo "2945"]
[TimeControl "180+1"]
[EndTime "10:39:30 PDT"]
[Termination "Zhigalko_Sergei won by resignation"]

1. c4 e5 2. Nc3 Nf6 3. Nf3 Nc6 4. e4 Bb4 5. d3 d6 6. a3 Bc5 7. b4 Bb6 8. Na4 Bg4 9. Be2 Bxf3 10.
Bxf3 Bd4 11. Rb1 O-O 12. O-O a6 13. Bd2 h6 14. Nc3 Ba7 15. g3 Nd4 16. Bg2 b5 17. Kh1 c6 18. f4 Re8 19. Ne2 bxc4 20. dxc4 exf4 21. Nxd4 Bxd4 22. Bxf4 Be5 23. Qd2 Qe7 24. Rbd1 Rad8 25. Be3 Qe6 26. Qc2 Qg4 27. Bg1 Qg6 28. Rf5 Nh5 29. Rdf1 Bxg3 30. hxg3 Nxg3+ 31. Kh2 Nxf1+ 32.
Rxf1 Re5 33. Rf3 Rxe4 34. Rg3 Rh4+ 35. Bh3 Qxc2+ 0-1

[Event "*** Titled Tuesday Blitz"]
[Site "Chess.com"]
[Date "2021.04.27"]
[Round "4"]
[White "TengisChess"]
[Black "starworld123"]
[Result "0-1"]
[WhiteElo "2554"]
[BlackElo "2752"]
[TimeControl "180+1"]
[EndTime "10:39:30 PDT"]
[Termination "starworld123 won by checkmate"]

1. e4 c5 2. Nf3 d6 3. d4 cxd4 4.
Nxd4 Nf6 5. Nc3 a6 6. Bg5 e6 7. f4 h6 8. Bh4 Qb6 9. Nb3 Qe3+ 10. Qe2 Qxf4 11. Bg3 Qg5 12. Nd2 Nc6 13. O-O-O b5 14. Kb1 Be7 15. Nf3 Qc5 16. Bf2 Qh5 17. Bg3 O-O 18.
Bxd6 Bxd6 19. Rxd6 Bb7 20. Qe3 Ne5 21. Be2 b4 22.
Na4 Nxe4 23. Nb6 Rad8 24. Rxd8 Rxd8 25. Rd1 Rxd1+ 26. Bxd1 Nxf3 27. gxf3 Qc5 28. Qf4 Qxb6 29. fxe4 Qd4 30. Kc1 Bxe4 31. Be2 g6 32. Qxh6 Qc5 33. Qd2 Qg1+ 34. Qd1 Qxh2 35. Bxa6 Bd5 36. b3 g5 37. Bd3 Qf4+ 38. Qd2 Qxd2+ 39. Kxd2 g4 40. Ke3 f5 41. c4 bxc3 42. a4 Bxb3 43. a5 Bd5 44. a6 Kf7 45. a7 Kf6 46. Kf4 e5+ 47. Kg3 Kg5 48. Bc4 f4+ 49. Kf2 Ba8 50. Be2 c2 51. Bf3 gxf3 52. Kg1 c1=Q+ 53. Kh2 Qe1 54. Kh3 Qg3# 0-1

[Event "*** Titled Tuesday Blitz"]
[Site "Chess.com"]
[Date "2021.04.27"]
[Round "4"]
[White "Buffy7"]
[Black "ferch1ni"]
[Result "1-0"]
[WhiteElo "2689"]
[BlackElo "2352"]
[TimeControl "180+1"]
[EndTime "10:39:30 PDT"]
[Termination "Buffy7 won by resignation"]

1. Nf3 c5 2. g3 Nc6 3. Bg2 g6 4.
O-O Bg7 5. d3 e5 6. c4 Nge7 7. Nc3 O-O 8. Ne1 b6 9. Nc2 Bb7 10. Bg5 h6 11. Bxe7 Qxe7 12. Ne3 d6 13.
Ned5 Qd7 14. Rb1 Nd4 15. a3 f5 16. b4 Kh7 17. a4 Rf7 18. a5 cxb4 19. Rxb4 bxa5 20.
Rxb7 Qxb7 21. Nf6+ Bxf6 22. Bxb7 Rxb7 23. e3 Nb3 24. Nd5 Bg7 25. Qc2 a4 26. Qa2 a5 27.
Qxa4 Nc5 28. Qc6 Raa7 29. Qxd6 Nxd3 30. Nf6+ Bxf6 31. Qxf6 a4 32. c5 Nxc5 33. Qxe5 Nb3 34. Rd1 a3 35. Rd8 Rg7 36. Qe8 g5 37. Qh8+ Kg6 38.
Rd6+ Kf7 39. Qxh6 Nc5 40. Qf6+ Kg8 41. Rd8+ Kh7 42. Qxf5+ Rg6 43. Qxc5 Rga6 44. Qf5+ Kh6 45. Rh8+ Kg7 46. Rh7+ Kg8 47. Rxa7 Rxa7 48. Qd5+ Kh7 49. Qd4 Ra5 50. Qb6 Ra4 51. Qb7+ Kg6 52. Qc6+ Kh5 53. Qxa4 g4 54. Qxa3 1-0

[Event "*** Titled Tuesday Blitz"]
[Site "Chess.com"]
[Date "2021.04.27"]
[Round "4"]
[White "bennyficial"]
[Black "tylityli"]
[Result "0-1"]
[WhiteElo "2197"]
[BlackElo "2337"]
[TimeControl "180+1"]
[EndTime "10:39:33 PDT"]
[Termination "tylityli won by resignation"]

1. Nf3 Nf6 2. c4 c5 3. b3 d5 4. e3 a6 5. Bb2 Nc6 6. d4 dxc4 7.
Bxc4 cxd4 8. Nxd4 Nxd4 9. Bxd4 Bg4 10. f3 Bh5 11. O-O b5 12. Bd3 e6 13. Nd2 Bd6 14. Qe2 O-O 15. Rac1 Rc8 16. Rxc8 Qxc8 17. Bxf6 gxf6 18.
Ne4 Be7 19. Qb2 Bg6 20. Rc1 Qd8 21. Bb1 Qb6 22. Kf2 Rd8 23. Nxf6+ Bxf6 24. Qxf6 Bxb1 25. Rxb1 Rd2+ 26. Kg3 Qxe3 27. h4 Qf2+ 28. Kf4 Qxg2 29. Qg5+ Qxg5+ 30. hxg5 Rxa2 31. Rd1 Rb2 32. Rd3 a5 33.
Ke5 Kg7 34. f4 Kg6 35. Rc3 Re2+ 36. Kd6 Rf2 37. Rc5 Rxf4 38. Rxb5 Rf5 39. Rb8 Kxg5 40.
Ke7 h5 41. Rg8+ Kf4 42. Kd6 h4 43. Rh8 Kg3 44. Rg8+ Kf3 45. Rg1 h3 46. Rg8 h2 47.
Rh8 Kg2 0-1

[Event "*** Titled Tuesday Blitz"]
[Site "Chess.com"]
[Date "2021.04.27"]
[Round "4"]
[White "JoliyRoger"]
[Black "DarZay"]
[Result "1-0"]
[WhiteElo "2403"]
[BlackElo "2173"]
[TimeControl "180+1"]
[EndTime "10:39:34 PDT"]
[Termination "JoliyRoger won on time"]

1. Nf3 Nf6 2. c4 e6 3. Nc3 d5 4. cxd5 exd5 5. d4 Bb4 6. Bg5 Nbd7 7. e3 h6 8. Bxf6 Nxf6 9. Bd3 O-O 10. Qc2 b6 11.
O-O c5 12. dxc5 bxc5 13. Rad1 Bb7 14. Na4 Rc8 15. a3 c4 16. axb4 cxd3 17. Qxd3 Ne4 18.
Rc1 Qf6 19. Qd4 Qa6 20. Nc5 Nxc5 21. bxc5 Qb5 22. b4 a5 23. bxa5 Qxa5 24. h3 Ba6 25.
Ra1 Qb5 26. Rfb1 Qc4 27. Rc1 Qb5 28. Rab1 Qd3 29. Ne5 Qxd4 30. exd4 f6 31. Nd7 Rfd8 32. Nb6 Rc6 33. Re1 Kf7 34. Ra1 Bc4 35. Ra7+ Kg6 36. Ree7 Rg8 37. Kh2 Kf5 38. g4+ Kf4 39. Kg2 g5 40.
Ra3 1-0

[Event "*** Titled Tuesday Blitz"]
[Site "Chess.com"]
[Date "2021.04.27"]
[Round "4"]
[White "moro182"]
[Black "Zq1"]
[Result "0-1"]
[WhiteElo "2705"]
[BlackElo "2545"]
[TimeControl "180+1"]
[EndTime "10:39:35 PDT"]
[Termination "Zq1 won by resignation"]

1. d4 Nf6 2. c4 a6 3. Nc3 c5 4.
Nf3 cxd4 5. Nxd4 d5 6. cxd5 Nxd5 7. Bd2 e5 8. Nb3 Nc6 9. e4 Nxc3 10. Bxc3 Be6 11. Be2 Be7 12. O-O O-O 13. Bd2 Rc8 14. Be3 Nb4 15. Bd2 Qb6 16. Be3 Qc6 17. Rc1 Qxe4 18.
Bf3 Qd3 19. Rxc8 Rxc8 20. Qxd3 Nxd3 21. Bxb7 Rb8 22. Bxa6 Nxb2 23. Rc1 f6 24. Rc7 Bf8 25. h4 h5 26. Rb7 Ra8 27. Rb6 Bc4 28. Bxc4+ Nxc4 29. Rb7 Nxe3 30. fxe3 Rxa2 31. Kf1 Rb2 32. Na5 Rxb7 33. Nxb7 e4 34. Na5 Kf7 35. Kf2 Ke6 36. Nb3 Kf5 37. Nd4+ Kg4 38. Ne6 Bd6 39. Nxg7 Bg3+ 40.
Ke2 Bxh4 41. Ne6 Kg3 42. Nf4 Bg5 43. Ne6 Kxg2 44. Nc5 f5 45. Ne6 Bh6 46. Nd4 h4 47. Nxf5 h3 48. Nxh6 h2 49. Nf5 h1=Q 50. Nd4 Qf1+ 51.
Kd2 Qd3+ 52. Ke1 Qxe3+ 53. Ne2 0-1

[Event "*** Titled Tuesday Blitz"]
[Site "Chess.com"]
[Date "2021.04.27"]
[Round "4"]
[White "retropwr"]
[Black "Alex-11211"]
[Result "0-1"]
[WhiteElo "2234"]
[BlackElo "2438"]
[TimeControl "180+1"]
[EndTime "10:39:36 PDT"]
[Termination "Alex-11211 won by checkmate"]

1. c4 g6 2. Nf3 Bg7 3. d4 c5 4. e4 Nc6 5. d5 Nd4 6. Nxd4 cxd4 7. Bd3 d6 8. O-O Nf6 9. f4 Nd7 10. Na3 Nc5 11. Nc2 a5 12. b3 Qb6 13. Bb2 Nxe4 14. Kh1 Nc3 15. Qe1 Bf5 16. Rf3 Na4 17. Bc1 Nc5 18. Bxf5 gxf5 19. Rb1 Ne4 20. g4 fxg4 21.
Qxe4 gxf3 22. Qxf3 Bf6 23. Ne1 O-O 24. Nd3 Kh8 25.
Bd2 Rg8 26. Re1 Rg7 27. Nf2 a4 28. b4 Qc7 29. Ne4 Bh4 30. Rc1 Rag8 31. Ng5 Bxg5 32. fxg5 e5 33. dxe6 fxe6 34. c5 d5 35. Re1 e5 36. h4 Rf7 37. Qg3 Re8 38. Rg1 e4 39. Qg4 e3 40. Be1 Qf4 41. Qxf4 Rxf4 42. g6 hxg6 43.
Rxg6 Rg8 44. Rh6+ Kg7 45. Re6 Kf7 46. Kh2 Kxe6 47. Bg3 Ke5 48. Bxf4+ Kxf4 49. h5 e2 50. Kh3 e1=Q 51. h6 Qg3# 0-1

[Event "*** Titled Tuesday Blitz"]
[Site "Chess.com"]
[Date "2021.04.27"]
[Round "4"]
[White "olksuna"]
[Black "stolencandy13"]
[Result "1-0"]
[WhiteElo "2653"]
[BlackElo "2478"]
[TimeControl "180+1"]
[EndTime "10:39:37 PDT"]
[Termination "olksuna won on time"]

1. e4 c6 2. Nf3 d5 3. Nc3 Bg4 4. h3 Bxf3 5. Qxf3 Nf6 6. d3 e6 7. a3 Nbd7 8. g3 Bd6 9. Bg2 O-O 10. O-O Qb6 11. Qe2 Bxg3 12. Na4 Qd4 13. Nc3 Bc7 14. Be3 Qe5 15. f4 Qh5 16. Qf2 e5 17. exd5 cxd5 18. fxe5 Qxe5 19. Bf4 Qxf4 20. Qxf4 Bxf4 21. Rxf4 Rac8 22.
Rd4 Nb6 23. Re1 Rfe8 24. Rxe8+ Rxe8 25. Nxd5 Nfxd5 26. Bxd5 Nxd5 27. Rxd5 g6 28. Kf2 Re7 29. c4 Kg7 30. b4 f5 31. b5 Kf6 32. c5 g5 33. d4 g4 34. hxg4 fxg4 35. c6 bxc6 36.
bxc6 Rc7 37. Rd6+ Kf5 38. d5 h5 39. Rd7 Rc8 40. c7 Ke4 41. d6 Rf8+ 42. Kg2 h4 43. Rd8 h3+ 44. Kg3 Rf3+ 45. Kxg4 h2 46. Rh8 Rf4+ 47. Kg3 Rf8 48. Rxh2 1-0

[Event "*** Titled Tuesday Blitz"]
[Site "Chess.com"]
[Date "2021.04.27"]
[Round "4"]
[White "chessbia"]
[Black "dmitrijiIM"]
[Result "1-0"]
[WhiteElo "2340"]
[BlackElo "2555"]
[TimeControl "180+1"]
[EndTime "10:39:37 PDT"]
[Termination "chessbia won on time"]

1. d4 Nf6 2. c4 g6 3. Nc3 Bg7 4. e4 O-O 5. Bd3 d6 6. Nge2 c5 7. d5 e6 8. O-O exd5 9. exd5 Re8 10. h3 Nbd7 11. f4 a6 12. a4 Rb8 13. Qc2 Nf8 14. f5 N8d7 15. fxg6 fxg6 16. Bg5 Ne5 17. Rae1 Nxd3 18.
Qxd3 Bf5 19. Qf3 h6 20. Bh4 Qd7 21. Ng3 Rxe1 22. Rxe1 Rf8 23. Nxf5 Qxf5 24. Qxf5 gxf5 25.
Re6 Ne4 26. Nxe4 fxe4 27. Rxe4 Bxb2 28. Re6 Bd4+ 29. Kh2 Rf1 30. Rxh6 Rc1 31. Re6 Rxc4 32. Bg3 Rxa4 33. Bxd6 Bf2 34. Re8+ Kg7 35. Re7+ Kg6 36. Rxb7 Ra1 37. g4 Ra2 38. Kh1 Bd4 39. Rc7 1-0

[Event "*** Titled Tuesday Blitz"]
[Site "Chess.com"]
[Date "2021.04.27"]
[Round "4"]
[White "Kaua18"]
[Black "enriquetejedor"]
[Result "0-1"]
[WhiteElo "2358"]
[BlackElo "2606"]
[TimeControl "180+1"]
[EndTime "10:39:38 PDT"]
[Termination "enriquetejedor won on time"]

1. e4 c5 2. Nf3 a6 3. c4 b5 4. cxb5 axb5 5. Bxb5 Bb7 6. d3 g6 7. O-O Bg7 8. Nc3 Nf6 9. h3 O-O 10. Re1 Nc6 11. Be3 d6 12. d4 cxd4 13. Nxd4 Rc8 14.
Nxc6 Bxc6 15. Bxc6 Rxc6 16. Qd2 Qa5 17. Nd5 Qxd2 18.
Nxe7+ Kh8 19. Bxd2 Rc7 20. Nd5 Nxd5 21. exd5 Bxb2 22.
Rab1 Be5 23. Bb4 Rfc8 24. a3 Rc2 25. Rbd1 g5 26. g3 Kg7 27. Kg2 Kg6 28. Re3 h5 29.
Rd2 Rc1 30. Ba5 Ra1 31. Rxe5 dxe5 32. d6 Rcc1 33. g4 Rg1+ 34. Kf3 Rxa3+ 35. Ke4 Re1+ 36. Kd5 Rxa5+ 37. Kc6 Rc1+ 38. Kb6 Ra3 39. d7 Rb3+ 40. Ka7 Ra1+ 0-1

[Event "*** Titled Tuesday Blitz"]
[Site "Chess.com"]
[Date "2021.04.27"]
[Round "4"]
[White "InvisibleWarrior2252"]
[Black "Shahinyan_ChessMood"]
[Result "1-0"]
[WhiteElo "2579"]
[BlackElo "2792"]
[TimeControl "180+1"]
[EndTime "10:39:39 PDT"]
[Termination "InvisibleWarrior2252 won by checkmate"]

1. e4 d6 2. d4 Nf6 3. Nc3 e5 4. Nge2 Be7 5. g3 O-O 6. Bg2 Nbd7 7. h3 c6 8. a4 Re8 9. O-O exd4 10. Nxd4 Bf8 11. Re1 Nc5 12. b4 Ne6 13. b5 Nxd4 14.
Qxd4 c5 15. Qd2 Be6 16. Bb2 Qc7 17. Rad1 Rad8 18. Qf4 Qa5 19. g4 Qb4 20. Ba1 d5 21.
Rb1 Qa5 22. exd5 Bd6 23. Qc1 Bd7 24. Ne2 Ne4 25. c4 Nd2 26. Bc3 Qxa4 27. Qxd2 Qxc4 28.
b6 a6 29. Ng3 Bf4 30. Qb2 f6 31. Ne4 Rf8 32. Rbd1 Ba4 33. Bf1 Qb3 34. Qxb3 Bxb3 35. Rd3 Rxd5 36. Rxd5 Bxd5 37. Bg2 Rc8 38. Nxf6+ gxf6 39.
Bxd5+ Kg7 40. Re7+ Kg6 41. Be4+ Kg5 42. Rg7+ Kh4 43.
Rxh7+ Kg5 44. Rh5# 1-0

[Event "*** Titled Tuesday Blitz"]
[Site "Chess.com"]
[Date "2021.04.27"]
[Round "4"]
[White "noblerone"]
[Black "woodhy"]
[Result "1-0"]
[WhiteElo "2395"]
[BlackElo "2493"]
[TimeControl "180+1"]
[EndTime "10:39:40 PDT"]
[Termination "noblerone won by checkmate"]

1. d4 e6 2. Nf3 c5 3. c3 b6 4.
Bg5 Be7 5. Bxe7 Nxe7 6. Nbd2 Bb7 7. e4 cxd4 8. cxd4 Nbc6 9. Bd3 O-O 10. O-O f5 11. Rc1 Rc8 12. a3 Qe8 13. Nc4 fxe4 14. Nd6 Qg6 15. Bxe4 Qg4 16. h3 Qf4 17. Nxc8 Nxc8 18.
Qd3 h6 19. d5 Ne5 20. Bh7+ Kh8 21. Nxe5 Qxe5 22. dxe6 dxe6 23. b4 Nd6 24. Rce1 Qg5 25. f3 Bd5 26. Be4 Bc4 27. Qxd6 Rd8 28.
Qc7 Bxf1 29. Rxf1 Qe3+ 30. Kh1 Rf8 31. Qe7 Rg8 32. Qxe6 Qe2 33. Rg1 Rf8 34. Qg6 Kg8 35.
Rc1 Qd2 36. Rc7 Qd1+ 37. Kh2 Qd6+ 38. Qxd6 Rf7 39. Qd5 Kh8 40. Qxf7 h5 41. Qxg7# 1-0

[Event "*** Titled Tuesday Blitz"]
[Site "Chess.com"]
[Date "2021.04.27"]
[Round "4"]
[White "Raud100"]
[Black "LordIron"]
[Result "1-0"]
[WhiteElo "2454"]
[BlackElo "2260"]
[TimeControl "180+1"]
[EndTime "10:39:40 PDT"]
[Termination "Raud100 won on time"]

1. d4 d5 2. c4 c6 3. Nf3 Nf6 4. Nc3 g6 5. Bg5 Bg7 6. e3 O-O 7. Rc1 Nbd7 8. Bd3 dxc4 9. Bxc4 Qa5 10. O-O e5 11. Bh4 exd4 12. Nxd4 Ne5 13. Bb3 c5 14. Ndb5 Rd8 15. Qe2 a6 16. Na3 b5 17. Rfd1 Bb7 18.
Nab1 c4 19. Bc2 b4 20. Bxf6 Bxf6 21. Ne4 Bg7 22. Nd6 Bd5 23. Ne4 Qxa2 24. Nbd2 Qxb2 25. Qe1 c3 26. Nf3 Nxf3+ 27. gxf3 Ba2 28. Bd3 Rac8 29.
Bxa6 Ra8 30. Bd3 Rac8 31. Rc2 Qb3 32. Qe2 Bb1 33. Rcc1 Bxd3 34. Rxd3 Rxd3 35. Qxd3 Qe6 36. Qb5 b3 37. Nxc3 Rxc3 38. Qb8+ Bf8 39. Rxc3 Qe5 40. Rxb3 1-0

[Event "*** Titled Tuesday Blitz"]
[Site "Chess.com"]
[Date "2021.04.27"]
[Round "4"]
[White "PavelChernomordik"]
[Black "ChampStan"]
[Result "1-0"]
[WhiteElo "2381"]
[BlackElo "2102"]
[TimeControl "180+1"]
[EndTime "10:39:41 PDT"]
[Termination "PavelChernomordik won by resignation"]

1. e4 e5 2. Nf3 Nc6 3. Bc4 Bc5 4.
c3 Nf6 5. d4 exd4 6. e5 d5 7.
Bb5 Ne4 8. cxd4 Bb6 9. h3 O-O 10. O-O f6 11. Bxc6 bxc6 12. Be3 Qe8 13. Nc3 Bf5 14.
Na4 Rd8 15. Rc1 fxe5 16. Nxb6 axb6 17. Nxe5 c5 18. f3 Nf6 19. Re1 c4 20. Bf2 Qb5 21.
b3 Ra8 22. bxc4 dxc4 23. Qd2 Be6 24. Ra1 Bd5 25. Reb1 Qa5 26. Qc2 Qa4 27. Qe2 c3 28. Rc1 Qa3 29. Qe3 Qb2 30. Qxc3 Rxa2 31. Rxa2 Qxa2 32.
Qxc7 b5 33. Nd7 Nxd7 34. Qxd7 Bc4 35. Re1 Qa3 36. Re7 Qc1+ 37. Kh2 Qf4+ 38. Bg3 Qf6 39.
Be5 1-0

[Event "*** Titled Tuesday Blitz"]
[Site "Chess.com"]
[Date "2021.04.27"]
[Round "4"]
[White "IsuruAlahakoon"]
[Black "Klavdia_Nik"]
[Result "0-1"]
[WhiteElo "2226"]
[BlackElo "2056"]
[TimeControl "180+1"]
[EndTime "10:39:41 PDT"]
[Termination "Klavdia_Nik won on time"]

1. Nf3 Nf6 2. d4 c5 3. c3 b6 4. g3 Bb7 5. Bg2 g6 6. O-O Bg7 7. Nbd2 O-O 8. Re1 d5 9. a4 Nc6 10. dxc5 bxc5 11. Nb3 c4 12. Nbd4 Ne4 13. Nxc6 Bxc6 14.
Nd4 Bb7 15. f3 Nc5 16. Be3 Rc8 17. Nb5 a6 18. Nd4 e5 19. Nc2 Nb3 20. Ra2 d4 21. Bf2 a5 22. f4 Bxg2 23. Kxg2 Qd5+ 24. Kg1 exf4 25. Nxd4 fxg3 26. hxg3 Nc5 27. Nb5 Qg5 28. Qc1 Qe7 29. Qf4 Be5 30. Qf3 f5 31. Raa1 Ne4 32. Rad1 Qg5 33. Kg2 h5 34. Rd5 Bxg3 35. Bxg3 h4 36.
Nd4 Rce8 37. Rd7 Nxg3 0-1

[Event "*** Titled Tuesday Blitz"]
[Site "Chess.com"]
[Date "2021.04.27"]
[Round "4"]
[White "anon102030"]
[Black "Oleksandr_Bortnyk"]
[Result "0-1"]
[WhiteElo "2762"]
[BlackElo "2967"]
[TimeControl "180+1"]
[EndTime "10:39:42 PDT"]
[Termination "Oleksandr_Bortnyk won by checkmate"]

1. e4 Nf6 2. e5 Nd5 3. d4 d6 4. c4 Nb6 5. exd6 exd6 6. Nc3 Be7 7. Nf3 Bg4 8. Be2 O-O 9. O-O Nc6 10. b3 Bf6 11. Be3 Re8 12. Rc1 h6 13. d5 Ne7 14.
Ne4 Nexd5 15. Nxf6+ Nxf6 16. Nd4 Bxe2 17. Qxe2 Nbd7 18.
Qf3 Qc8 19. Rfd1 Ne5 20. Qg3 Qg4 21. Nb5 Qxg3 22. hxg3 Re7 23. Nxa7 Neg4 24. Bd4 c6 25. b4 Re2 26. a4 c5 27. bxc5 Rxa7 28. c6 b6 29.
Bxb6 Ra8 30. Rxd6 Ne8 31. Rd4 Nxf2 32. c7 Nxc7 33. Bxc7 Rxa4 34. Rd8+ Kh7 35. c5 Raa2 36. c6 Ng4 37. Bb6 Rxg2+ 38. Kf1 Rgb2 39. Bd4 Nh2+ 40.
Ke1 Nf3+ 41. Kf1 Rh2 42. Bg1 Rh1 43. Rc2 Rxc2 44. Rh8+ Kxh8 45. c7 Rxg1# 0-1

[Event "*** Titled Tuesday Blitz"]
[Site "Chess.com"]
[Date "2021.04.27"]
[Round "4"]
[White "fyall777"]
[Black "MeekinsKris"]
[Result "1-0"]
[WhiteElo "2417"]
[BlackElo "2206"]
[TimeControl "180+1"]
[EndTime "10:39:42 PDT"]
[Termination "fyall777 won by resignation"]

1. d4 Nf6 2. Bg5 c5 3. Bxf6 gxf6 4. d5 Qb6 5. Qc1 h5 6. e3 d6 7. Nd2 h4 8. h3 f5 9. Ngf3 Bg7 10. c3 Nd7 11. a4 Nf6 12. a5 Qc7 13. Bc4 Bd7 14. Qc2 O-O-O 15. Ng5 Rdf8 16. Qb3 Bh6 17. Ngf3 Rhg8 18.
Rg1 Ne4 19. Nxh4 Nxd2 20. Kxd2 f4 21. Bb5 Kb8 22. a6 b6 23. Bxd7 Qxd7 24. Qa4 Qxa4 25. Rxa4 e6 26. e4 f3+ 27. Kd3 fxg2 28. Rxg2 Rxg2 29.
Nxg2 Bg5 30. f4 Bf6 31. Ke2 Rh8 32. h4 Bxh4 33. dxe6 fxe6 34. e5 dxe5 35. fxe5 Bd8 36. Rg4 Bc7 37. Nf4 Bxe5 38. Nxe6 Re8 39. Rg6 Bd6 40.
Kd3 Bc7 41. Kc4 Rh8 42. Kb5 Re8 43. Kc6 Be5 44. Kd7 Rh8 45. Nd8 Rh7+ 46. Ke6 Bh2 47.
Nc6+ Kc7 48. Nxa7 Bf4 49. Kd5 Rd7+ 50. Kc4 Rf7 51. Nb5+ Kd7 52. Rxb6 Bc7 53. Rb7 1-0

[Event "*** Titled Tuesday Blitz"]
[Site "Chess.com"]
[Date "2021.04.27"]
[Round "4"]
[White "PawnEatingZombie"]
[Black "Gmedmundo"]
[Result "0-1"]
[WhiteElo "2244"]
[BlackElo "2445"]
[TimeControl "180+1"]
[EndTime "10:39:43 PDT"]
[Termination "Gmedmundo won on time"]

1. d4 Nf6 2. c4 e6 3. Nc3 Bb4 4. Qc2 O-O 5. e4 d6 6. e5 dxe5 7. dxe5 Nfd7 8. a3 Bc5 9. Nf3 Nc6 10. Qe4 f5 11. exf6 Nxf6 12. Qh4 e5 13. Be2 e4 14. Ng5 Bf5 15. O-O Nd4 16. Be3 h6 17. Nh3 Nxe2+ 18.
Nxe2 Bxe3 19. fxe3 Bxh3 20. Qxh3 Qd3 21. Nd4 Qxc4 22. Rac1 Qf7 23. Ne6 Rfe8 24. Nxc7 Rad8 25. Nxe8 Rxe8 26. Qf5 Qb3 27. Qc5 Qxb2 28. Rc2 Qb3 29. Rcf2 Rf8 30. h3 Rf7 31. g4 b6 32. Qd4 Qe6 33.
Kg2 Kh7 34. Rf4 Re7 35. Kg3 Nd5 36. Rf5 Qd6+ 37. Kg2 Rd7 38. Qxe4 Kg8 39. Re5 Nf6 40. Qf5 Qd2+ 41. Kg3 Qd6 42. Qf4 Rc7 0-1

[Event "*** Titled Tuesday Blitz"]
[Site "Chess.com"]
[Date "2021.04.27"]
[Round "4"]
[White "AlexTriapishko"]
[Black "Kretov_Evgenij"]
[Result "1-0"]
[WhiteElo "2868"]
[BlackElo "2654"]
[TimeControl "180+1"]
[EndTime "10:39:44 PDT"]
[Termination "AlexTriapishko won by resignation"]

1. c4 Nf6 2. Nc3 c5 3. Nf3 e6 4. g3 b6 5. Bg2 Bb7 6. O-O Be7 7. d4 cxd4 8. Qxd4 d6 9. Bg5 a6 10. Rfd1 Nbd7 11. Qd2 O-O 12. Bf4 Ne8 13. Rac1 Rc8 14. b3 Qc7 15. e4 Ne5 16. Qe2 Nf6 17. Nd2 Rfd8 18. h3 h6 19. Be3 Ned7 20. g4 Qb8 21. h4 Ne5 22. g5 hxg5 23. hxg5 Nfd7 24. f4 Ng6 25. Nf3 Nc5 26. f5 exf5 27. exf5 Ne5 28.
Nxe5 dxe5 29. g6 e4 30. Qh5 Bf6 31. Nd5 Bxd5 32. Rxd5 Qg3 33. Bf2 Qg5 34. gxf7+ Kf8 35. Qxg5 Bxg5 36. Bxc5+ bxc5 37. Rcd1 Rxd5 38. cxd5 e3 39.
Kf1 Kxf7 40. d6 Rd8 41. Ke2 Bf4 42. d7 Ke7 43. Bc6 Kf6 44. Kf3 Kxf5 45. Rd5+ Kf6 46. Kxf4 e2 47. Rf5+ Kg6 48. Re5 Rf8+ 49. Kg4 1-0

[Event "*** Titled Tuesday Blitz"]
[Site "Chess.com"]
[Date "2021.04.27"]
[Round "4"]
[White "Vugar_Manafov"]
[Black "zmeeed67"]
[Result "1-0"]
[WhiteElo "2739"]
[BlackElo "2549"]
[TimeControl "180+1"]
[EndTime "10:39:44 PDT"]
[Termination "Vugar_Manafov won on time"]

1. d4 d5 2. c4 e6 3. Nc3 c6 4.
e3 Nf6 5. Nf3 Nbd7 6. Qc2 Bd6 7.
Bd3 dxc4 8. Bxc4 e5 9. O-O O-O 10. Rd1 Qc7 11. h3 exd4 12. exd4 Nb6 13. Bb3 h6 14. Ne4 Nxe4 15. Qxe4 Be6 16. Bxe6 fxe6 17. Qxe6+ Kh8 18. Be3 Nd5 19. Re1 Rae8 20. Qg6 Re7 21.
Bd2 Ref7 22. Re2 Rf6 23. Qh5 Bf4 24. Ne5 Bxe5 25. dxe5 Rf5 26. Qh4 Rxe5 27. Bxh6 gxh6 28. Qd4 Rf5 29. Rae1 c5 30. Qh4 Rxe2 31. Rxe2 Qg7 32. Re8+ Kh7 33. Qe4 Qf7 34. g4 Kg7 35. gxf5 Nf6 36.
Qg2+ Kh7 37. Qg6+ Qxg6+ 38. fxg6+ Kxg6 39. Re7 b6 40. Rxa7 Kf5 41. a4 Nd5 42. a5 bxa5 43. Rxa5 1-0

[Event "*** Titled Tuesday Blitz"]
[Site "Chess.com"]
[Date "2021.04.27"]
[Round "4"]
[White "The_Machine04"]
[Black "suyu28"]
[Result "0-1"]
[WhiteElo "2445"]
[BlackElo "2632"]
[TimeControl "180+1"]
[EndTime "10:39:44 PDT"]
[Termination "suyu28 won by checkmate"]

1. d4 d5 2. Bf4 Nf6 3. e3 g6 4.
Nc3 Bg7 5. h4 h6 6. Nf3 O-O 7. Ne5 c5 8. h5 g5 9. Bxg5 hxg5 10.
h6 Nc6 11. hxg7 Kxg7 12. Nxc6 bxc6 13. Qf3 Rh8 14. Rxh8 Qxh8 15. O-O-O Bg4 16. Qg3 Bxd1 17. Qxg5+ Kf8 18. Nxd1 cxd4 19. exd4 Ne4 20. Qf4 Qxd4 21. f3 Qf6 22. Qc7 Qh6+ 23. f4 Qd6 24. Qxd6 exd6 25.
Bd3 f5 26. Ne3 Ng3 27. Nxf5 Nxf5 28. Bxf5 Ke7 29. Kd2 Rh8 30. Bh3 Kf6 31. Ke3 c5 32. b3 d4+ 33. Ke4 Re8+ 34. Kf3 Re3+ 35. Kf2 Rc3 36. Bd7 Rxc2+ 37. Kf3 d3 38. g4 d5 39. g5+ Ke7 40. Bf5 Rc3 41. Ke3 c4 42. bxc4 dxc4 43. Bg4 Rc2 44. f5 Rg2 45. f6+ Kf8 46. Be6 d2 47. g6 d1=Q 48. g7+ Rxg7 49. fxg7+ Kxg7 50. Bxc4 Kf6 51. Bb3 Qc1+ 52. Kd4 a5 53. Kd5 Kf5 54.
Kd4 Kf4 55. Kd5 Ke3 56. Kd6 Kd3 57. Kd5 Qc3 58. Kd6 Kd2 59. Kd5 Kc1 60. Kd6 Kb2 61.
Kd5 Qb4 62. Kc6 a4 63. Bd5 a3 64. Kd7 Ka1 65. Ke6 Qb2 66. Kd6 Qxa2 67. Bxa2 Kxa2 68. Kc5 Kb2 69. Kb4 a2 70. Kc4 a1=Q 71. Kc5 Qc1+ 72. Kb4 Qc3+ 73. Ka4 Qb3+ 74. Ka5 Kc3 75. Ka6 Kd4 76. Ka7 Kd5 77. Ka6 Kc6 78. Ka5 Qa3# 0-1

[Event "*** Titled Tuesday Blitz"]
[Site "Chess.com"]
[Date "2021.04.27"]
[Round "4"]
[White "Leo_C"]
[Black "barbara25"]
[Result "1/2-1/2"]
[WhiteElo "2459"]
[BlackElo "2294"]
[TimeControl "180+1"]
[EndTime "10:39:44 PDT"]
[Termination "Game drawn by repetition"]

1. d4 Nf6 2. c4 e6 3. Nc3 Bb4 4. e3 Bxc3+ 5. bxc3 c5 6. Bd3 O-O 7. Ne2 Nc6 8. O-O b6 9. Ng3 Ba6 10. e4 h6 11. Be3 d6 12. f4 Na5 13. Qe2 Rc8 14.
d5 Re8 15. e5 Nd7 16. dxe6 Rxe6 17. Bf5 Re8 18. Qg4 Re7 19. exd6 Rxe3 20. Bxd7 Rxg3 21. hxg3 Rb8 22. Rfe1 Qf6 23. Rad1 Nxc4 24. Qf5 Qxc3 25. Be8 Nxd6 26. Bxf7+ Nxf7 27. Re7 Bc4 28. Rdd7 Rf8 29. Rxa7 Qxg3 30. Qe4 b5 31. a4 Qb3 32. axb5 Bd5 33. Qe2 Qb1+ 34. Kh2 c4 35. Rad7 Qf5 36. b6 h5 37. b7 h4 38. Re8 Qxf4+ 39. Kh1 Qc1+ 40. Kh2 Qf4+ 41. Kh1 Qc1+ 42. Kh2 Qf4+ 1/2-1/2

[Event "*** Titled Tuesday Blitz"]
[Site "Chess.com"]
[Date "2021.04.27"]
[Round "4"]
[White "Ind1anStar"]
[Black "Skat2704"]
[Result "0-1"]
[WhiteElo "2517"]
[BlackElo "2690"]
[TimeControl "180+1"]
[EndTime "10:39:45 PDT"]
[Termination "Skat2704 won by resignation"]

1. c4 c5 2. Nf3 Nf6 3. Nc3 Nc6 4. e3 e6 5. d4 cxd4 6. exd4 d5 7. cxd5 exd5 8. Bb5 Be7 9. O-O O-O 10. h3 Bf5 11. Re1 Ne4 12. Bf4 Bf6 13. Ne5 Bxe5 14. dxe5 Qb6 15. Nxe4 Bxe4 16. Bd3 Rad8 17. Bxe4 dxe4 18. Qg4 Rfe8 19. Rxe4 Qxb2 20. Rae1 Re6 21. a4 Rg6 22. Qf3 Nd4 23. Qe3 Nc2 24. Qe2 Qb3 25. Rd1 Rxd1+ 26.
Qxd1 h6 27. Bg3 Qc3 28. Qd8+ Kh7 29. Qd7 Qc6 30. Qd3 a6 31. Rc4 Qxg2+ 32. Kxg2 Ne1+ 33.
Kf1 Nxd3 34. Rc7 Rc6 35. Rxb7 Kg6 36. Ke2 Nc5 37. Ra7 Nxa4 38. Ke3 Nc5 39. Kd4 Ne6+ 40. Kd5 Rc5+ 41. Ke4 Ra5 42. f4 Ra4+ 43. Kf3 Nd4+ 44.
Kf2 Ra2+ 45. Kf1 a5 46. Bf2 Ne6 47. Ra6 Kf5 48. Be1 Nxf4 49. Rxa5 Rxa5 50. Bxa5 Nxh3 51. Bc3 Nf4 52. Kf2 Nd3+ 0-1

[Event "*** Titled Tuesday Blitz"]
[Site "Chess.com"]
[Date "2021.04.27"]
[Round "4"]
[White "ElCoachRene"]
[Black "mac0504"]
[Result "0-1"]
[WhiteElo "2204"]
[BlackElo "2595"]
[TimeControl "180+1"]
[EndTime "10:39:45 PDT"]
[Termination "mac0504 won by resignation"]

1. d4 Nf6 2. Bf4 d6 3. e3 g6 4.
Nf3 Bg7 5. h3 O-O 6. Nbd2 c5 7.
c3 Nc6 8. Be2 cxd4 9. cxd4 e5 10. dxe5 dxe5 11. Bh2 e4 12. Ne5 Qa5 13. Nc4 Qg5 14.
O-O Bxh3 15. Bg3 Be6 16. Bf4 Qd5 17. Qe1 Rfd8 18. Rd1 Nb4 19. Nb3 Nd3 20. Bxd3 exd3 21. Ne5 Bf5 22. Qc3 Ne4 23. Qxd3 Qxd3 24. Rxd3 Rxd3 25. Nxd3 Rd8 26. Ndc5 Nxc5 27. Nxc5 b6 28. Nb3 Bxb2 29. Nd4 Bxd4 30. exd4 Rxd4 31. Bh6 f6 32. Rd1 Rxd1+ 33. Kh2 Kf7 34. Be3 Be4 35. a4 Bc6 36. f3 Bxa4 37. Bf2 Bc6 38. Bg3 Rd2 39. Kh1 Ke6 40. Kg1 h5 41. Kf1 g5 42. Ke1 Ra2 43.
Bf2 h4 44. Bd4 h3 45. gxh3 Bxf3 46. h4 gxh4 0-1